 Dungeon Crawl Stone Soup version 0.30-a0-626-gd6a5dd7a1f (webtiles) character file.

Game seed: 4785418043871680178

1799 Leeroy the Carver (level 9, -3/56 (61) HPs)
             Began as a Merfolk Gladiator on Jan 11, 2023.
             Slain by a wight
             ... wielding a +0 morningstar
              (15 damage)
             ... on level 7 of the Dungeon.
             The game lasted 00:10:11 (7218 turns).

Leeroy the Carver (Merfolk Gladiator)               Turns: 7218, Time: 00:10:12

HP:   -3/56 (61)    AC:  5    Str: 14    XL:     9   Next: 9%
MP:   9/9           EV: 14    Int:  7    God:
Gold: 368           SH:  0    Dex: 20    Spells: 6/8 levels left

rFire   . . .      SeeInvis .    B - +0 rapier (elec)
rCold   . . .      Faith    .    (no shield)
rNeg    . . .      Spirit   .    b - +0 leather armour
rPois   .          Reflect  .    c - +0 helmet
rElec   .          Harm     .    (no cloak)
rCorr   .          Rampage  .    r - +0 pair of gloves
Will    .....                    (no boots)
Stlth   +                        (no amulet)
HPRegen 0.29/turn                z - ring of flight
MPRegen 0.11/turn                (no ring)

@: flying, drained
A: (nimble swimmer 2), mertail
a: no special abilities


You were on level 7 of the Dungeon.
You visited 2 branches of the dungeon, and saw 8 of its levels.

You collected 368 gold pieces.

Inventory:

Hand Weapons
 a - a +0 long sword
 m - a +0 rapier
 v - the +6 mace "Killer Klown's Bane" {freeze, Will+ Int+4}
   (You found it on level 3 of the Dungeon)

   Int:       It affects your intelligence (+4).
   Will:      It increases your willpower.
 x - a +3 dagger of pain
 B - a +0 rapier of electrocution (weapon)
 D - a +1 long sword
Missiles
 d - 5 throwing nets (quivered)
 e - a javelin
 u - 13 poisoned darts
Armour
 b - a +0 leather armour (worn)
 c - a +0 helmet (worn)
 r - a +0 pair of gloves (worn)
Jewellery
 j - a ring of protection from fire
 t - a ring of fire
 z - a ring of flight (left hand)
Wands
 w - a wand of roots (13)
 A - a wand of mindburst (26)
Scrolls
 f - a scroll of amnesia {unknown}
 g - a scroll of blinking {unknown}
 h - 8 scrolls of identify {unknown}
 i - a scroll of magic mapping {unknown}
 k - a scroll of noise {unknown}
 l - 3 scrolls of vulnerability
 s - 4 scrolls of fear {unknown}
 y - 3 scrolls of teleportation {unknown}
Potions
 n - 2 potions of might
 o - a potion of haste
 p - 2 potions of attraction
 q - 2 potions of brilliance


   Skills:
 - Level 2.1 Fighting
 + Level 13.9 Long Blades
 - Level 2.0 Throwing
 - Level 4.0 Dodging


You had 6 spell levels left.
You knew the following spells:

 Your Spells              Type           Power      Damage    Failure   Level
a - Blink                 Tloc           0%         N/A       65%         2

Your spell library contained the following spells:

 Spells                   Type           Power      Damage    Failure   Level
 Freeze                   Ice            0%         1d3       52%         1
 Slow                     Hex            0%         N/A       52%         1
 Sting                    Tmut/Pois      0%         1d3       52%         1
 Momentum Strike          Conj/Tloc      0%         3d8       65%         2
 Poisonous Vapours        Pois/Air       0%         N/A       65%         2
 Confusing Touch          Hex            0%         N/A       87%         3
 Dazzling Flash           Conj/Hex       0%         N/A       87%         3
 Frozen Ramparts          Ice            0%         1d1       87%         3
 Hailstorm                Conj/Ice       0%         3d3       87%         3
 Ignite Poison            Fire/Tmut/Pois 0%         N/A       87%         3
 Lesser Beckoning         Tloc           0%         N/A       87%         3
 Vampiric Draining        Necr           0%         2d6       87%         3
 Olgreb's Toxic Radiance  Pois           0%         N/A       99%         4
 Sticky Flame             Conj/Fire      0%         2d3       99%         4
 Agony                    Necr           0%         N/A       100%        5
 Silence                  Hex/Air        0%         N/A       100%        5
 Ignition                 Fire           0%         3d3       100%        8


Dungeon Overview and Level Annotations

Branches:
Dungeon (7/15)             Temple (1/1) D:7

Altars:
Ashenzari
Cheibriados
Dithmenos
Elyvilon
Fedhas
Gozag
Kikubaaqudgha
Makhleb
Okawaru
Qazlal
Ru
Sif Muna
Trog
Uskayaw
Vehumet
Wu Jian
Xom
Yredelemnul
Zin
The Shining One

Shops:
D:4 [


Innate Abilities, Weirdness & Mutations

((You are very nimble when in or above water. (Stealth+, EV+, Speed+++)))
Your lower body shifts to a powerful aquatic tail in water.


Message History

The wight completely misses you.
You hit the wight but do no damage.
The wight is almost destroyed.
You hit the wight but do no damage. Lightning courses through the wight!!
You destroy the wight!
You hit the wight but do no damage. The wight closely misses you.
You hit the wight but do no damage.
The wight hits you with a +0 morningstar!
You feel drained.
You barely miss the wight. Your punch misses the wight.
The wight hits you but does no damage.
You hit the wight.
The wight is lightly damaged.
You closely miss the wight.
The wight is lightly damaged.
The wight barely misses you.
You closely miss the wight.
The wight is lightly damaged.
The wight hits you with a +0 morningstar.
You hit the wight.
The wight is lightly damaged.
The wight hits you with a +0 morningstar.
* * * LOW HITPOINT WARNING * * *
You feel drained.
* * * LOW HITPOINT WARNING * * *
You hit the wight.
The wight is moderately damaged.
You closely miss the wight.
The wight is moderately damaged.
The wight barely misses you.
You closely miss the wight.
The wight is moderately damaged.
The wight hits you with a +0 morningstar!
* * * LOW HITPOINT WARNING * * *
You hit the wight but do no damage.
The wight is moderately damaged.
The wight closely misses you.
You feel better.
The wight hits you with a +0 morningstar!
You die...

#........#
#........#
#........#
##.......#
#.......#
#.......#
#.......#
#.......#
##@######
#z#####
#.....#
#.....#
#.....#
#..?.....
#.........#
#..........
#.....#####


You could see a wight.

Vanquished Creatures
  Sigmund (D:3)
  2 ice beasts
  2 black bears
  A centaur (Temple)
  Blork the orc (D:4)
  3 necrophages
  2 scorpions (D:5)
  3 wights (D:7)
  3 hounds
  A jelly (D:5)
  A gnoll bouda (Temple)
  An orc priest (D:5)
  2 iguanas (D:5)
  Ijyb (D:3)
  2 orc wizards
  Robin (D:4)
  19 gnolls
  6 adders
  A shadow imp (D:6)
  5 worms
  3 dart slugs
  10 orcs
  2 ball pythons
  6 bats
  10 endoplasms
  11 hobgoblins
  9 jackals
  4 kobolds
  A quokka (D:1)
  3 frilled lizards
  8 goblins
  4 rats
129 creatures vanquished.

Notes
Turn   | Place    | Note
-------+----------+-------------------------------------------
     0 | D:1      | Leeroy the Merfolk Gladiator began the quest for the Orb.
     0 | D:1      | Reached XP level 1. HP: 16/16 MP: 1/1
    30 | D:1      | Reached skill level 4 in Long Blades
    43 | D:1      | Reached XP level 2. HP: 22/22 MP: 2/2
   484 | D:1      | Found a faded altar of an unknown god.
   607 | D:2      | Reached skill level 5 in Long Blades
   607 | D:2      | Reached XP level 3. HP: 18/27 MP: 3/3
   615 | D:2      | Reached XP level 4. HP: 18/33 MP: 4/4
   694 | D:2      | You fall into a shaft and drop 1 floor!
   746 | D:2      | Reached skill level 6 in Long Blades
  1234 | D:2      | Learned a level 2 spell: Blink
  1643 | D:3      | Reached XP level 5. HP: 22/38 MP: 5/5
  1874 | D:3      | Identified the +6 mace "Killer Klown's Bane" {freeze, Will+
                  | Int+4}
  1924 | D:3      | Noticed Ijyb
  1931 | D:3      | Killed Ijyb
  1932 | D:3      | Reached skill level 7 in Long Blades
  2212 | D:3      | Noticed Sigmund
  2250 | D:3      | Killed Sigmund
  2251 | D:3      | Reached skill level 8 in Long Blades
  2251 | D:3      | Reached XP level 6. HP: 22/44 MP: 6/6
  3017 | D:4      | Reached skill level 9 in Long Blades
  3105 | D:4      | Noticed Robin
  3125 | D:3      | Reached XP level 7. HP: 18/50 MP: 7/7
  3674 | D:4      | Killed Robin
  3766 | D:4      | Found Yrghytisoc's Armour Shop.
  3767 | D:4      | Noticed Blork the orc
  3786 | D:4      | Killed Blork the orc
  3942 | D:5      | Entered Level 5 of the Dungeon
  3992 | D:5      | Reached skill level 10 in Long Blades
  4226 | D:5      | HP: 2/50 [black bear (1)]
  4229 | D:5      | Reached skill level 11 in Long Blades
  4229 | D:5      | Reached XP level 8. HP: 3/56 MP: 8/8
  4700 | D:5      | Found a blossoming altar of Fedhas.
  4877 | D:5      | Reached skill level 12 in Long Blades
  4975 | D:5      | Found an ornate altar of the Wu Jian Council.
  5412 | D:7      | Found a basalt altar of Yredelemnul.
  5437 | D:7      | Found a staircase to the Ecumenical Temple.
  5453 | Temple   | Entered the Ecumenical Temple
  5455 | Temple   | HP: 1/56 [orc/+0 short sword (3)]
  6535 | Temple   | Reached skill level 13 in Long Blades
  6724 | D:7      | Found a burning altar of Makhleb.
  6730 | D:7      | Found a shadowy altar of Dithmenos.
  7104 | D:7      | Reached XP level 9. HP: 44/61 MP: 9/9
  7218 | D:7      | Slain by a wight

Illustrated notes

Levels and vault maps discovered:
D:1:      dreamdust_arrival_beginning_and_end, layout_basic,
          hellmonk_ecumenical_altar_run_dry, corexii_leaking_fountain
D:2:      layout_loops_corners
D:3:      layout_loops_ring, minmay_pentomino_pile, uniq_ijyb, uniq_sigmund
D:4:      layout_basic, serial_shops, nicolae_square_shop, uniq_blork_the_orc,
          uniq_robin
D:5:      layout_basic, nzn_wu_jian_contemplation, fedhas_altar_2
D:6:      layout_cave_pods, serial_shops, nicolae_lakefront_shop, minivault_27,
          minmay_ruffians
D:7:      layout_basic, grunt_temple_overflow_open, minmay_temple_entry_arrows
Temple:   minmay_freezing_vapour_temple

Skill      XL: |  1  2  3  4  5  6  7  8 |
---------------+-------------------------+-----
Long Blades    | 4 5 6 8 9 11 13 | 13.9
Fighting       | |  2.1
Throwing       | |  2.0
Dodging        | |  4.0

Action                   |  1- 3 |  4- 6 |  7- 9 || total
-------------------------+-------+-------+-------++-------
Melee: Long sword        |    81 |   171 |   279 ||   531
       Punch             |       |     1 |     4 ||     5
       Rapier            |       |       |    53 ||    53
Throw: Throwing net      |       |     2 |     4 ||     6
Evoke: Wand              |       |       |     1 ||     1
  Use: Potion            |       |     5 |     3 ||     8
       Scroll            |       |       |     1 ||     1
 Stab: Held in net/web   |       |       |     1 ||     1
       Invisible         |       |       |     1 ||     1
Armor: Leather armour    |    30 |    55 |    74 ||   159
Dodge: Dodged            |    50 |   108 |   243 ||   401

Table legend: (Time is in decaauts)
 A = Elapsed time spent in this place.
 B = Non-inter-level travel time spent in this place.
 C = Inter-level travel time spent in this place.
 D = Time resting spent in this place.
 E = Time spent auto-exploring this place.
 F = Levels seen in this place.
 G = Mean time per level.
                   A        B        C        D        E       F      G
               +--------+--------+--------+--------+--------+-----+--------+
         Total |   7195 |   7023 |    172 |   1916 |   3846 |   8 |  899.4 |
       Dungeon |   6051 |   5879 |    172 |    839 |   3842 |   7 |  864.4 |
        Temple |   1143 |   1143 |      0 |   1077 |      4 |   1 | 1143.0 |
               +--------+--------+--------+--------+--------+-----+--------+

Top non-repeatable levels by time:
     D:3: 1592 daAuts
  Temple: 1143 daAuts
     D:5: 1021 daAuts
     D:4: 958 daAuts
     D:2: 920 daAuts
     D:7: 648 daAuts
     D:1: 597 daAuts
     D:6: 313 daAuts
